 Dungeon Crawl Stone Soup version 0.30-a0-586-g23e55c9e0a (webtiles) character file.

Game seed: 10194424546398954513

3 whiskeysaurus the Magician (level 1, 0/13 HPs)
             Began as a Demonspawn Hedge Wizard on Jan 3, 2023.
             Slain by a ball python (3 damage)
             ... on level 1 of the Dungeon.
             The game lasted 00:00:34 (63 turns).

whiskeysaurus the Magician (Demonspawn Hedge Wizard)  Turns: 63, Time: 00:00:35

Health: 0/13       AC:  2    Str: 10    XL:     1   Next: 41%
Magic:  2/4        EV:  9    Int: 15    God:
Gold:   0          SH:  0    Dex: 12    Spells: 5/6 levels left

rFire   . . .      SeeInvis .    a - +0 dagger
rCold   . . .      Faith    .    (no shield)
rNeg    . . .      Spirit   .    b - +0 robe
rPois   .          Reflect  .    c - +0 hat
rElec   .          Harm     .    (no cloak)
rCorr   .          Rampage  .    (no gloves)
Will    .....                    (no boots)
Stlth   ++                       (no amulet)
HPRegen 0.22/turn                (no ring)
MPRegen 0.09/turn                (no ring)

@: constricted
A: no striking features
a: no special abilities


You were on level 1 of the Dungeon.
You visited 1 branch of the dungeon, and saw 1 of its levels.

Inventory:

Hand Weapons
 a - a +0 dagger (weapon)
Armour
 b - a +0 robe (worn)
 c - a +0 hat (worn)
Potions
 d - a potion of magic


   Skills:
 + Level 1.8 Dodging
 - Level 1.7 Stealth
 + Level 3.0 Spellcasting
 + Level 1.1 Conjurations
 + Level 1.1 Summonings
 - Level 0.8 Translocations


You had 5 spell levels left.
You knew the following spells:

 Your Spells              Type           Power      Damage    Failure   Level
a - Magic Dart            Conj           20%        1d4       13%         1

Your spell library contained the following spells:

 Spells                   Type           Power      Damage    Failure   Level
 Call Imp                 Summ           5%         N/A       19%         2
 Slow                     Hex            8%         N/A       21%         1
 Blink                    Tloc           8%         N/A       22%         2
 Cigotuvi's Dreadful Rot  Necr/Pois/Air  4%         N/A       30%         2
 Mephitic Cloud           Conj/Pois/Air  3%         N/A       45%         3


Dungeon Overview and Level Annotations

Branches:
Dungeon (1/15)

Altars:


Message History

You closely miss the giant cockroach. The giant cockroach barely misses you.
The giant cockroach bites you but does no damage.
You hit the giant cockroach but do no damage.
A ball python comes into view.
The giant cockroach bites you but does no damage.
The ball python hisses angrily.
You hit the giant cockroach.
The giant cockroach is moderately wounded.
The giant cockroach barely misses you.
You closely miss the giant cockroach.
The giant cockroach is moderately wounded.
The giant cockroach bites you but does no damage.
You hit the giant cockroach but do no damage.
The giant cockroach is moderately wounded.
The giant cockroach bites you.
You barely miss the giant cockroach.
The giant cockroach is moderately wounded.
The giant cockroach bites you but does no damage.
The ball python bites you. The ball python grabs you.
The ball python constricts you.
The giant cockroach bites you but does no damage.
You closely miss the ball python. The ball python misses you.
The ball python constricts you.
The giant cockroach bites you but does no damage.
You hit the ball python but do no damage.
The ball python bites you but does no damage.
The ball python constricts you. The giant cockroach barely misses you.
You are too injured to fight recklessly!
You are too injured to fight recklessly!
You are too injured to fight recklessly!
You are too injured to fight recklessly!
You are too injured to fight recklessly!
You are too injured to fight recklessly!
You hit the giant cockroach but do no damage.
The giant cockroach is moderately wounded.
The ball python bites you. The ball python constricts you.
The giant cockroach bites you.
* * * LOW HITPOINT WARNING * * *
The ball python bites you.
You die...

........'.#
####....###.#
#..#.# ..#
#..#.##..#
#..#..#..#
#..##.#..#
#........# ##.
#$.....†#.....
....##.S@B......
### #..###.....
#)## ##.#. #. #
.. ##. .. ..


You could see a giant cockroach and a ball python.

Vanquished Creatures
  An endoplasm (D:1)
  A goblin (D:1)
  A ball python (D:1)
3 creatures vanquished.

Notes
Turn   | Place    | Note
-------+----------+-------------------------------------------
     0 | D:1      | whiskeysaurus the Demonspawn Hedge Wizard began the quest
                  | for the Orb.
     0 | D:1      | Reached XP level 1. HP: 13/13 MP: 4/4
    63 | D:1      | Slain by a ball python

Illustrated notes

Levels and vault maps discovered:
D:1:      minmay_arrival_three_doors, layout_loops_cross,
          hellmonk_ecumenical_altar_heavens_door

Action                   || total
-------------------------++-------
Melee: Dagger            ||    17
 Cast: Magic Dart        ||     6
Armor: Robe              ||     8
Dodge: Dodged            ||     9

Table legend: (Time is in decaauts)
 A = Elapsed time spent in this place.
 B = Non-inter-level travel time spent in this place.
 C = Inter-level travel time spent in this place.
 D = Time resting spent in this place.
 E = Time spent auto-exploring this place.
 F = Levels seen in this place.
 G = Mean time per level.
                   A        B        C        D        E       F      G
               +--------+--------+--------+--------+--------+-----+--------+
         Total |     63 |     63 |      0 |      0 |     34 |   1 |   63.0 |
       Dungeon |     63 |     63 |      0 |      0 |     34 |   1 |   63.0 |
               +--------+--------+--------+--------+--------+-----+--------+

Top non-repeatable levels by time:
     D:1: 63 daAuts
